 Dungeon Crawl Stone Soup version 0.28-a0-1518-gbe868bca14 (webtiles) character file.

Game seed: 4198003630260433589

28 comborobin the Sneak (level 3, 0/29 HPs)
             Began as a Draconian Brigand on Jan 17, 2022.
             Succumbed to a kobold's poison
             ... on level 1 of the Dungeon.
             The game lasted 00:01:26 (1076 turns).

comborobin the Sneak (Draconian Brigand)            Turns: 1076, Time: 00:01:26

Health: 0/29       AC:  7    Str: 13    XL:     3   Next: 0%
Magic:  3/3        EV: 11    Int: 13    God:
Gold:   41         SH:  0    Dex: 12    Spells: 2/2 levels left

rFire   . . .      SeeInvis .   a - +2 dagger
rCold   . . .      Faith    .   (no shield)
rNeg    . . .      Spirit   .   (armour unavailable)
rPois   .          Reflect  .   (helmet restricted)
rElec   .          Harm     .   b - +0 cloak
rCorr   .          Rampage  .   (no gloves)
Will    +....                   g - +0 pair of boots
Stlth   ++........              (no amulet)
HPRegen 0.09/turn               i - ring of willpower
MPRegen 0.08/turn               (no ring)

@: lethally poisoned (0 -> -12)
A: AC +5, unfitting armour, cold-blooded
a: no special abilities


You were on level 1 of the Dungeon.
You visited 1 branch of the dungeon, and saw 1 of its levels.

You collected 41 gold pieces.

Inventory:

Hand Weapons
 a - a +2 dagger (weapon)
Missiles
 c - 5 poisoned darts (quivered)
 e - 4 javelins
Armour
 b - a +0 cloak (worn)
 g - a +0 pair of boots (worn)
Jewellery
 i - a ring of willpower (left hand)
Scrolls
 h - 2 scrolls of identify {unknown}


   Skills:
 - Level 2.1 Fighting
 + Level 3.5 Short Blades
 - Level 1.7 Throwing
 - Level 0.8 Dodging
 - Level 3.6 Stealth


You had 2 spell levels left.
You didn't know any spells.
Your spell library was empty.

Dungeon Overview and Level Annotations

Branches:
Dungeon (1/15)

Altars:


Innate Abilities, Weirdness & Mutations

Your plain brown scales are hard. (AC +5)
You cannot fit into any form of body armour.
You are cold-blooded and may be slowed by cold attacks.


Message History

* * * LOW HITPOINT WARNING * * *
You feel very sick.
The kobold hits you with a +1 short sword of venom.
* * * LOW HITPOINT WARNING * * *
Unknown command.
Unknown command.
You feel much better.
You feel very sick.
The kobold hits you with a +1 short sword of venom.
You are lethally poisoned!
Unknown command.
Unknown command.
Throw: 7 darts (poison)
Press: ? - help, Q - select action, (/) - cycle Shift-Dir - straight line, f/p - kobold
Aim: a kobold, wielding a +1 short sword of venom and quivering stones (50% to hit)
You throw a poisoned dart.
The poisoned dart barely misses the kobold.
You feel very sick. The kobold closely misses you.
Unknown command.
Unknown command.
Throw: 6 darts (poison)
Press: ? - help, Q - select action, (/) - cycle Shift-Dir - straight line, f/p - kobold
Aim: a kobold, wielding a +1 short sword of venom and quivering stones (50% to hit)
You throw a poisoned dart. The poisoned dart hits the kobold.
The kobold is poisoned.
You feel very sick.
The kobold hits you with a +1 short sword of venom.
* * * LOW HITPOINT WARNING * * *
Unknown command.
You aren't carrying any potions.
* * * LOW HITPOINT WARNING * * *
You feel very sick.
You kill the kobold!
You have reached level 3!
Your experience leads to an increase in your attributes!
Increase (S)trength, (I)ntelligence, or (D)exterity?
You feel clever. x2; Your scales feel tougher.
You aren't carrying any potions.
You die...

#.#.##.### #.........##.##.
#
#......############.####.##.
####.#........#####.####.##.
#.#..#.......[...........
..#..#...#.####..........
####...(.##.# #.#####....
##.#####.# #[.........
#.#####.# #.##.......
#...)@..# #.##.##.###
######### #.#..##.# #
#.......# #.......# #
###.##### # #.# # #.# # #.#
# #.# #


There were no monsters in sight!

Vanquished Creatures
  4 bats (D:1)
  4 endoplasms (D:1)
  2 goblins (D:1)
  2 hobgoblins (D:1)
  4 jackals (D:1)
  2 quokkas (D:1)
  A ball python (D:1)
  A frilled lizard (D:1)
  3 kobolds (D:1)
23 creatures vanquished.

Notes
Turn   | Place    | Note
-------+----------+-------------------------------------------
     0 | D:1      | comborobin the Draconian Brigand began the quest for the
                  | Orb.
     0 | D:1      | Reached XP level 1. HP: 17/17 MP: 1/1
   319 | D:1      | Reached XP level 2. HP: 19/24 MP: 2/2
  1075 | D:1      | HP: 1/24 [poisoned by a kobold]
  1076 | D:1      | Reached XP level 3. HP: 2/29 MP: 3/3
  1076 | D:1      | Succumbed to a kobold's poison

Illustrated notes

Levels and vault maps discovered:
D:1:      eino_arrival_tree_alley, layout_loops_cross

Skill      XL: |  1  2 |
---------------+-------+-----
Short Blades   | 3 |  3.5
Fighting       | |  2.1
Throwing       | |  1.7
Dodging        | |  0.8
Stealth        | |  3.6

Action                   || total
-------------------------++-------
Melee: Dagger            ||    65
       Tailslap          ||     5
       Punch             ||     2
Throw: Dart              ||    14
  Use: Potion            ||     2
 Stab: Sleeping          ||     4
Armor: Skin              ||    26
Dodge: Dodged            ||    38

Table legend: (Time is in decaauts)
 A = Elapsed time spent in this place.
 B = Non-inter-level travel time spent in this place.
 C = Inter-level travel time spent in this place.
 D = Time resting spent in this place.
 E = Time spent auto-exploring this place.
 F = Levels seen in this place.
 G = Mean time per level.
                   A        B        C        D        E       F      G
               +--------+--------+--------+--------+--------+-----+--------+
         Total |   1068 |    981 |     87 |    145 |    657 |   1 | 1068.0 |
       Dungeon |   1068 |    981 |     87 |    145 |    657 |   1 | 1068.0 |
               +--------+--------+--------+--------+--------+-----+--------+

Top non-repeatable levels by time:
     D:1: 1068 daAuts
